 Dungeon Crawl Stone Soup version 0.28-a0-1159-g27aa881441 (webtiles) character file.

Game seed: 9801469575887818141

100 spaghetti the Sneak (level 5, -1/60 HPs)
             Began as a Djinni Delver on Dec 15, 2021.
             Was a Follower of Makhleb.
             Slain by a gnoll (3 damage)
             ... on level 4 of the Dungeon.
             The game lasted 00:06:40 (3651 turns).

spaghetti the Sneak (Djinni Delver)                 Turns: 3651, Time: 00:06:41

Health: -1/60      AC:  3    Str: 12 (13) XL:     5   Next: 3%
Gold:   107        EV: 11    Int:  8 (11) God:    Makhleb [*.....] SH:  3 Dex: 12 (15)

rFire   + + +      SeeInvis +   p - +1 whip (venom) {mace}
rCold   x . .      Faith    .   n - +0 buckler {rF+}
rNeg    . . .      Spirit   .   a - +0 leather armour
rPois   ∞          Reflect  .   (no helmet)
rElec   .          Harm     .   (no cloak)
rCorr   .          Rampage  .   (no gloves)
Will    .....                   (boots unavailable)
Stlth   ..........              (no amulet)
HPRegen 0.20/turn               q - ring of wizardry
MPRegen 0.00/turn               l - ring of see invisible

@: berserking, flying, very quick
A: sickness immunity, fire resistance 2, cold vulnerability 1, float, innate
caster, hp casting, extra vitality 1
a: Renounce Religion


You were on level 4 of the Dungeon.
You worshipped Makhleb.
Makhleb was aware of your devotion.
You visited 1 branch of the dungeon, and saw 5 of its levels.

You collected 107 gold pieces.


Innate Abilities, Weirdness & Mutations

You are immune to sickness and miasma.
You are immune to poison.
Your flesh is very heat resistant. (rF++)
You are vulnerable to cold. (rC-)
You float through the air rather than walking.
You learn spells naturally, not from books.
Your magical power is your life essence.
You have superior vitality. (+4 HP)


   Skills:
 - Level 3.0 Fighting
 + Level 1.8 Maces & Flails
 + Level 3.0 Dodging
 - Level 5.0 Stealth
 - Level 2.0 Unarmed Combat
 - Level 0.1 Invocations


You had one spell level left.
You knew the following spells:

 Your Spells              Type           Power      Damage    Failure   Level
a - Summon Small Mammal   Summ           0%         N/A       34%         1
b - Call Imp              Summ           0%         N/A       47%         2
Your spell library was empty.

Inventory:

Hand Weapons
 k - a +1 hunting sling {sling}
   (You found it on level 4 of the Dungeon)
 p - a +1 whip of venom (weapon) {mace}
   (You took it off a kobold on level 1 of the Dungeon)
Missiles
 h - 35 bolts
 m - 74 stones (quivered) {throwing}
 o - 25 sling bullets
 r - 22 arrows
 y - 6 boomerangs of dispersal {=f!fthrowing}
Armour
 a - a +0 leather armour (worn)
 d - a +3 leather armour of poison resistance
   (You found it on level 1 of the Dungeon)
 n - a +0 buckler of fire resistance (worn)
   (You found it on level 4 of the Dungeon)
Magical Staves
 z - a staff of poison {!astaff}
   (You found it on level 3 of the Dungeon)
Jewellery
 l - a ring of see invisible (right hand)
   (You found it on level 1 of the Dungeon)
 q - a ring of wizardry (left hand)
   (You found it on level 4 of the Dungeon)
 w - a ring of magical power
   (You found it on level 2 of the Dungeon)
Wands
 f - a wand of digging (3)
Scrolls
 b - a scroll of fog
 c - 2 scrolls of magic mapping {!r}
 s - a scroll of fear
 u - 2 scrolls of silence {!r}
 v - 2 scrolls of identify {@r1}
 x - a scroll of enchant weapon
Potions
 e - a potion of haste {@q3}
 g - a potion of brilliance
 i - a potion of magic
 j - 2 potions of degeneration {!q@e2}

Dungeon Overview and Level Annotations

Branches:
Dungeon (5/15)
 Temple: D:4-7

Altars:
Makhleb

......#..# #...####.##.#
...#...)####...##...##.#
.#.#.#...##..........#.#
.......#...............#
##.....###.............#
##...## #.............#
###.....#......g...#.#
##....#....##)..##.# ...
........w@......# .#
..########..#### ## ##.#
###


You could see a worm and a gnoll.


Message History

Where to? (Enter - D:3, ? - help)
There is a stone staircase leading down here.
You fly downwards.
There is a stone staircase leading up here.
Unknown command.
Unknown command.
You see here a +0 scale mail.
A gnoll comes into view. It is wielding a +0 whip.
A gnoll is nearby!
No target in view!
No target in view!
No target in view!
No target in view!
No target in view!
No target in view!
No target in view!
No target in view!
No target in view!
No target in view!
No target in view!
No target in view!
No target in view!
No target in view!
No target in view!
No target in view!
No target in view!
A worm and 2 gnolls come into view.
The gnoll shouts!
A gnoll comes into view. It is wielding a +0 spear.
The gnoll hits you but does no damage.
The gnoll shouts!
You hit the gnoll.
The gnoll hits you from afar with a +0 spear.
The gnoll misses you. 😕 HP[-6]
You take 6 damage, and now have 29/35 hp.
You hit the gnoll.
The gnoll is poisoned.
The gnoll hits you from afar with a +0 spear.
The gnoll hits you with a +0 whip. The gnoll barely misses you.
The gnoll hits you from afar with a +0 spear.
* * * LOW HITPOINT WARNING * * *
You are too injured to fight recklessly! 😨 HP[-14]
You take 14 damage, and now have 15/35 hp.
MASSIVE DAMAGE!! (PAUSE)
You kill the gnoll!
Makhleb accepts your kill.
Your Dodging skill increases to level 3!
You have reached level 5!
The power to cast Call Imp wells up from within.
Spell assigned to 'b'. 😨 HP[+2]
You now have 40 max hp (+5).
You regained 2 hp, and now have 17/40 hp.
Unknown command. 😨 HP[+1] 😨 HP[+1] 😨 HP[+1]
You see here a viscous coppery potion.
j - 3 viscous coppery potions (gained 1) 😮 HP[+1] It was a potion of degeneration.
There was something very wrong with that liquid.
You feel weakened.
You feel dopey.
You feel clumsy.
The gnoll hits you from afar with a +0 spear.
* * * LOW HITPOINT WARNING * * *
😨 HP[-6]
You take 6 damage, and now have 15/40 hp.
Unknown command.
It was a potion of berserk rage.
A red film seems to cover your vision as you go berserk!
You feel yourself moving faster!
You feel mighty!
The gnoll hits you from afar with a +0 spear!
* * * LOW HITPOINT WARNING * * *
😨 HP[+1]
You now have 60 max hp (+20).
Unknown command.
You feel a strong urge to attack something.
The gnoll hits you with a +0 spear!
* * * LOW HITPOINT WARNING * * *
The gnoll hits you from afar with a +0 spear.
* * * LOW HITPOINT WARNING * * *
😱 HP[-11]
You take 11 damage, and now have 5/60 hp.
You barely miss the gnoll. The gnoll barely misses you.
You block the gnoll's attack.
Unknown command.
Unknown command.
You barely miss the gnoll. The gnoll barely misses you.
You whack the gnoll!
The gnoll hits you from afar with a +0 spear.
* * * LOW HITPOINT WARNING * * *
😱 HP[-3]
You take 3 damage, and now have 2/60 hp.
Unknown command.
You whack the gnoll!
You kill the gnoll!
Makhleb accepts your kill.
The gnoll hits you from afar with a +0 spear.
You die...

Skill      XL: |  1  2  3  4 |
---------------+-------------+-----
Maces & Flails | 1 |  1.8
Stealth        | 5 |  5.0
Dodging        | 3 |  3.0
Fighting       | |  3.0
Unarmed Combat | |  2.0
Invocations    | |  0.1

Action                   |  1- 3 |  4- 6 || total
-------------------------+-------+-------++-------
Melee: Unarmed           |    46 |       ||    46
       Whip              |    68 |    68 ||   136
  Use: Scroll            |     7 |     1 ||     8
       Potion            |     2 |     3 ||     5
 Stab: Sleeping          |     7 |     5 ||    12
       Distracted        |     2 |       ||     2
Armor: Leather armour    |    17 |     8 ||    25
Dodge: Dodged            |    53 |    24 ||    77
Block: Buckler           |     5 |     7 ||    12

Levels and vault maps discovered:
D:1:      lightli_arrival_windingriver, layout_basic, roderic_st_hans_cross,
          minmay_distorted
D:2:      layout_rooms, ebering_ecumenical_altar_mist,
          nicolae_concentric_dashed_squares_mild
D:3:      layout_basic, cheibrodos_sewer_entry_drain
D:4:      layout_rooms, minmay_temple_entry_poolview
D:5:      layout_basic, serial_shops, shop, uniq_duvessa, uniq_ijyb

Notes
Turn   | Place    | Note
-------+----------+-------------------------------------------
     0 | D:5      | spaghetti the Djinni Delver began the quest for the Orb.
     0 | D:5      | Reached XP level 1. HP: 20/20 MP: 0/0
     0 | D:5      | magus.rc [v1.9.6]
   343 | D:2      | Reached XP level 2. HP: 25/25 MP: 0/0
  1197 | D:1      | Reached XP level 3. HP: 30/30 MP: 0/0
  1197 | D:1      | Learned a level 1 spell: Summon Small Mammal
  1916 | D:2      | Found a faded altar of an unknown god.
  1923 | D:2      | Reached skill level 1 in Maces & Flails
  1931 | D:2      | Prayed at the altar of an unknown god.
  1931 | D:2      | Became a worshipper of Makhleb the Destroyer
  1931 | D:2      | Reached * piety under Makhleb
  2311 | D:2      | Reached XP level 4. HP: 20/35 MP: 0/0
  2795 | D:3      | Reached skill level 5 in Stealth
  3363 | D:3      | Reached ** piety under Makhleb
  3619 | D:4      | Reached skill level 3 in Dodging
  3619 | D:4      | Reached XP level 5. HP: 17/40 MP: 0/0
  3619 | D:4      | Learned a level 2 spell: Call Imp
  3647 | D:4      | HP: 8/60 [gnoll (8)]
  3650 | D:4      | HP: 2/60 [gnoll (3)]
  3651 | D:4      | Slain by a gnoll

Vanquished Creatures
  2 gnolls (D:4)
  An adder (D:3)
  6 worms
  A dart slug (D:1)
  5 orcs
  5 bats
  6 endoplasms
  A giant cockroach (D:2)
  5 goblins
  7 hobgoblins
  2 quokkas
  4 ball pythons
  4 frilled lizards
  4 kobolds (D:1)
  4 rats
57 creatures vanquished.

Table legend:
 A = Non-vault XP
 B = Vault XP
 C = Vault XP percentage of total XP
 D = Non-vault monster count
 E = Vault monster count
 F = Vault count percentage of total count
                 A         B        C        D         E       F
            +---------+---------+-------+---------+---------+-------
      Total |     146 |      13 |   8.2 |      53 |       4 |   7.0
            +---------+---------+-------+---------+---------+-------
        D:1 |      33 |       1 |   2.9 |      20 |       1 |   4.8
        D:2 |      26 |       0 |   0.0 |      13 |       0 |   0.0
        D:3 |      51 |      12 |  19.0 |      16 |       3 |  15.8
        D:4 |      36 |       0 |   0.0 |       4 |       0 |   0.0
            +---------+---------+-------+---------+---------+-------

Illustrated notes

Table legend:
 A = Kills in this place as a percentage of kills in entire the game.
 B = Kills by you in this place as a percentage of kills by you in the entire game.
 C = Kills by friends in this place as a percentage of kills by friends in the entire game.
 D = Other kills in this place as a percentage of other kills in the entire game.
 E = Experience gained in this place as a percentage of experience gained in the entire game.
 F = Experience gained in this place divided by the number of levels of this place that you have seen.
                   A       B       C       D       E      F
               +-------+-------+-------+-------+-------+----------------------
         Total | 100.0 | 100.0 |   N/A |   N/A | 100.0 |  31.8
       Dungeon | 100.0 | 100.0 |   N/A |   N/A | 100.0 |  31.8
               +-------+-------+-------+-------+-------+----------------------

Table legend: (Time is in decaauts)
 A = Elapsed time spent in this place.
 B = Non-inter-level travel time spent in this place.
 C = Inter-level travel time spent in this place.
 D = Time resting spent in this place.
 E = Time spent auto-exploring this place.
 F = Levels seen in this place.
 G = Mean time per level.
                   A        B        C        D        E       F      G
               +--------+--------+--------+--------+--------+-----+--------+
         Total |   3669 |   3618 |     51 |    642 |   2306 |   5 |  733.8 |
       Dungeon |   3669 |   3618 |     51 |    642 |   2306 |   5 |  733.8 |
               +--------+--------+--------+--------+--------+-----+--------+

Top non-repeatable levels by time:
     D:1: 1194 daAuts
     D:2: 1162 daAuts
     D:3: 920 daAuts
     D:4: 332 daAuts
     D:5: 59 daAuts
